AoeStats
← ENDER GELİŞEN OSASUNA ATAKLARI

Fortress

507939320Analyzed
2v2 RM · 14d ago on Sep 20, 2026· 87m 1s· 4 players
Game mode
Random Map
Map size
Normal (6 player)
Population
200
Speed
Normal
Resources
Standard
Victory
Conquest
Starting age
Dark Age
Ending age
Imperial Age
RankedLock teamsTeams togetherTeam positionsShared explorationLock speedFull tech treeHidden civsTurbo modeCheats
Victory
Defeat
🇨🇳 Teutons · China
580
+12
🇨🇳 Italians · China
529
+14
517
-14
🇹🇷 Burgundians · Türkiye
469
-12
Sake
1:44 Wheelbarrow
6:19 Double-Bit Axe
8:19 Horse Collar
11:33 Feudal Age
13:05 Hand Cart
18:18 Castle Age
17:52 Caravan
18:07 Gold Mining
18:08 Stone Mining
21:52 Bow Saw
23:02 Heavy Plow
23:46 Guilds
24:07 Coinage
23:49 Scale Mail Armor
24:00 Forging
23:40 Fletching
24:44 Gold Shaft Mining
26:53 Two-Man Saw
29:49 Imperial Age
30:27 Scale Barding Armor
32:02 Town Watch
37:31 Stone Shaft Mining
37:21 Chain Barding Armor
37:37 Iron Casting
37:19 Chain Mail Armor
38:14 Chemistry
37:11 Murder Holes
37:26 Masonry
37:37 Ballistics
37:29 Fortified Wall
37:23 Town Patrol
38:10 Elite Coustillier
38:49 Fletching
38:59 Capped Ram
43:36 Plate Barding Armor
44:02 Blast Furnace
42:58 Bodkin Arrow
43:47 Architecture
60:37 Crossbowman
67:56 Banking
77:16 Treadmill Crane
79:16 Bracer
79:47 Plate Mail Armor
79:17 Padded Archer Armor
83:06 Leather Archer Armor
ENDER GELİŞEN OSASUNA ATAKLARI
9:47 Feudal Age
10:22 Horse Collar
10:29 Double-Bit Axe
10:26 Man-at-Arms
13:11 Arson
14:21 Forging
14:11 Scale Mail Armor
14:52 Loom
19:51 Castle Age
18:46 Gold Mining
18:47 Stone Mining
21:05 Bow Saw
20:57 Heavy Plow
21:39 Wheelbarrow
20:28 Long Swordsman
21:32 Squires
22:24 Gambesons
24:29 Chain Mail Armor
25:49 Stone Shaft Mining
27:12 Iron Casting
33:51 Imperial Age
32:18 Caravan
34:06 Elite Teutonic Knight
35:18 Plate Mail Armor
35:48 Blast Furnace
35:24 Crop Rotation
35:56 Two-Man Saw
36:25 Hand Cart
37:54 Two-Handed Swordsman
45:31 Pikeman
46:50 Halberdier
48:36 Blast Furnace
49:49 Ironclad
50:26 Ballistics
51:09 Chemistry
50:00 Town Watch
57:32 Town Patrol
63:19 Padded Archer Armor
63:10 Fletching
64:46 Leather Archer Armor
64:27 Bodkin Arrow
65:43 Crossbowman
66:58 Ring Archer Armor
67:58 Fortified Wall
604569544
10:38 Feudal Age
11:07 Town Watch
16:44 Castle Age
14:59 Double-Bit Axe
14:58 Horse Collar
21:26 Gold Mining
22:27 Silk Road
22:48 Wheelbarrow
30:05 Imperial Age
30:17 Hand Cart
33:32 Chemistry
33:18 Conscription
33:40 Padded Archer Armor
34:34 Fortified Wall
36:00 Leather Archer Armor
36:45 Guard Tower
37:19 Ballistics
36:54 Murder Holes
37:34 Heavy Plow
45:00 Ring Archer Armor
45:10 Pirotechnia
52:26 Crop Rotation
52:04 Caravan
54:55 Hoardings
54:23 Stone Mining
54:22 Loom
54:38 Town Patrol
58:10 Bombard Tower
58:26 Keep
58:03 Masonry
57:39 Arrowslits
64:17 Forging
64:12 Scale Barding Armor
65:11 Stone Shaft Mining
67:06 Elite Skirmisher
67:52 Thumb Ring
68:26 Iron Casting
67:42 Fletching
68:12 Chain Barding Armor
527552271
7:22 Feudal Age
8:04 Horse Collar
8:13 Double-Bit Axe
11:14 Wheelbarrow
14:42 Castle Age
13:03 Gold Mining
13:24 Stone Mining
16:31 Bow Saw
16:28 Heavy Plow
21:50 Hand Cart
22:54 Fortified Wall
22:56 Masonry
26:56 Imperial Age
25:41 Bloodlines
26:51 Scale Mail Armor
27:02 Forging
26:44 Fletching
27:57 Stone Shaft Mining
28:58 Two-Man Saw
28:32 Crop Rotation
28:07 Loom
30:36 Chemistry
29:42 Siege Engineers
29:58 Ballistics
32:12 Cavalier
36:27 Chain Mail Armor
36:07 Bodkin Arrow
36:48 Iron Casting
36:19 Scale Barding Armor
35:39 Paladin
36:05 Elite Teutonic Knight
37:07 Conscription
37:45 Plate Mail Armor
39:14 Ballistics
40:22 Blast Furnace
43:10 Hoardings
42:58 Ironclad
44:19 Chain Barding Armor
44:22 Crenellations
45:02 Guilds
44:52 Caravan
48:15 Plate Barding Armor
67:36 Town Watch
67:23 Sappers
69:23 Fervor
69:34 Sanctity
69:28 Fervor
69:38 Sanctity
69:36 Block Printing
Connection lost

Rejoining the realm…

Still unreachable

The connection could not be restored.

Session expired

The server has moved on; the page needs a fresh start.